[ AOE2 MATCH · #489458229 ]
UnrankedBengalis vs Poles
Player's team · LOSS
[ REPLAY ANALYSIS · EXTRACTED FROM THE RECORDED GAME ]
Feudal
8:39
Castle
20:57
Imperial
33:13
| APM avg | 40.0 |
| APM peak | 101 |
| eAPM avg | 24.4 |
| Villagers / military | 152 / 69 |
Focus
⚔️ 23.6% · 🌾 76.4%
Elephant Archer ×61 · Armored Elephant ×5 · Monk ×3
Feudal
8:34
Castle
27:55
Imperial
37:42
| APM avg | 54.8 |
| APM peak | 93 |
| eAPM avg | 33.7 |
| Villagers / military | 173 / 29 |
Focus
⚔️ 33.6% · 🌾 66.4%
Scout Cavalry ×29
Feudal
8:35
Castle
33:14
Imperial
—
| APM avg | 31.9 |
| APM peak | 60 |
| eAPM avg | 21.5 |
| Villagers / military | 91 / 8 |
Focus
⚔️ 37.7% · 🌾 62.3%
Spearman ×8
Feudal
8:58
Castle
21:27
Imperial
34:54
| APM avg | 73.7 |
| APM peak | 126 |
| eAPM avg | 40.1 |
| Villagers / military | 148 / 93 |
Focus
⚔️ 56.5% · 🌾 43.5%
Cavalry Archer ×45 · Scout Cavalry ×32 · Knight ×7 · Bombard Cannon ×5 · Archer ×2 · Trebuchet (Packed) ×2
Feudal
11:22
Castle
15:13
Imperial
31:32
| APM avg | 41.3 |
| APM peak | 73 |
| eAPM avg | 23.7 |
| Villagers / military | 158 / 65 |
Focus
⚔️ 41.2% · 🌾 58.8%
Camel Scout ×30 · Skirmisher ×25 · Armored Elephant ×5 · Mangonel ×4 · Monk ×1
Feudal
11:23
Castle
37:02
Imperial
—
| APM avg | 27.0 |
| APM peak | 63 |
| eAPM avg | 17.3 |
| Villagers / military | 81 / 0 |
Focus
⚔️ 27.7% · 🌾 72.3%
Feudal
9:10
Castle
12:50
Imperial
32:41
| APM avg | 32.0 |
| APM peak | 71 |
| eAPM avg | 21.4 |
| Villagers / military | 128 / 44 |
Focus
⚔️ 35.5% · 🌾 64.5%
Battering Ram ×21 · Scorpion ×16 · Trebuchet (Packed) ×4 · Mangonel ×3
Feudal
11:24
Castle
14:06
Imperial
32:35
| APM avg | 46.4 |
| APM peak | 80 |
| eAPM avg | 28.9 |
| Villagers / military | 204 / 79 |
Focus
⚔️ 35.1% · 🌾 64.9%
Knight ×37 · Archer ×35 · Trebuchet (Packed) ×4 · Mangonel ×2 · Battering Ram ×1
Match map
Initial resources + every placement click. Lines = walls · curves = elevation contours. ◆ gold · ⬟ stone · ● berries · ✦ relic · ◌ wall gap
Your base· ✓ Closed at 20:57 · 43t walls · 3 gate(s)
Tio GG y la Pïedra Filosofal's base· ✓ Closed at 27:55 · 70t walls · 8 gate(s)
Jugador de Repuesto's base· ✓ Closed at 33:14 · 93t walls · 7 gate(s)
FMG | GreatMaty's base· ✓ Closed at 21:27 · 4t walls · 4 gate(s)
eL|Hooligan's base· ✓ Closed at 15:13 · 18t walls · 3 gate(s)
Frytok's base· ✓ Closed at 37:02 · 26t walls · 4 gate(s)
Cyndaquil's base· ✓ Closed at 12:50 · 0t walls · 2 gate(s)
facu's base· ✓ Closed at 14:06 · 2t walls · 5 gate(s)
Smoothed initial terrain · ◌ = detected wall gap · hover for details
Inputs per minute
— [CL] Rey Enigmaaa - - Tio GG y la Pïedra Filosofal
Build order — [CL] Rey Enigmaaa
First 150 of 440 actions detected
| 0:03 | Create | Villager (Male) |
| 0:04 | Build | House |
| 0:05 | Build | House |
| 0:15 | Create | Villager (Male) |
| 0:17 | Create | Villager (Male) |
| 0:29 | Create | Villager (Male) |
| 1:40 | Create | Villager (Male) |
| 1:40 | Create | Villager (Male) |
| 1:54 | Create | Villager (Male) |
| 2:23 | Create | Villager (Male) |
| 2:24 | Create | Villager (Male) |
| 2:24 | Create | Villager (Male) |
| 2:46 | Build | Lumber Camp |
| 3:04 | Create | Villager (Male) |
| 3:36 | Build | House |
| 3:36 | Build | House |
| 3:40 | Create | Villager (Male) |
| 4:01 | Create | Villager (Male) |
| 4:23 | Create | Villager (Male) |
| 4:53 | Create | Villager (Male) |
| 5:08 | Create | Villager (Male) |
| 5:38 | Build | Mill |
| 5:47 | Research | Loom |
| 5:47 | Research | Loom |
| 6:29 | Research | Feudal Age |
| 6:29 | Research | Feudal Age |
| 6:34 | Build | Palisade Wall |
| 7:38 | Create | Villager (Male) |
| 8:12 | Build | Mining Camp |
| 8:39 | Age | Feudal Age |
| 8:47 | Research | Double-Bit Axe |
| 8:49 | Research | Town Watch |
| 9:19 | Create | Villager (Male) |
| 9:29 | Build | Watch Tower |
| 9:31 | Build | Stone Wall |
| 9:32 | Build | Stone Wall |
| 9:33 | Build | Stone Wall |
| 9:34 | Build | Stone Wall |
| 9:37 | Build | Stone Wall |
| 9:39 | Build | Stone Wall |
| 9:41 | Build | Stone Wall |
| 9:45 | Build | Stone Wall |
| 9:46 | Create | Villager (Male) |
| 10:01 | Create | Villager (Male) |
| 10:18 | Research | Horse Collar |
| 10:27 | Build | Stone Wall |
| 10:32 | Build | Stone Wall |
| 10:33 | Build | Stone Wall |
| 10:34 | Build | Stone Wall |
| 10:43 | Create | Villager (Male) |
| 10:48 | Build | Stone Wall |
| 10:50 | Build | Stone Wall |
| 10:51 | Build | Stone Wall |
| 10:53 | Build | Stone Wall |
| 11:00 | Create | Villager (Male) |
| 11:05 | Build | Stone Wall |
| 11:17 | Build | Stone Wall |
| 11:19 | Build | Stone Wall |
| 11:21 | Build | Stone Wall |
| 11:22 | Build | Stone Wall |
| 11:26 | Create | Villager (Male) |
| 11:28 | Build | Farm |
| 11:28 | Build | Farm |
| 11:28 | Build | Farm |
| 11:31 | Build | Farm |
| 11:33 | Build | House |
| 11:34 | Build | House |
| 11:42 | Create | Villager (Male) |
| 11:44 | Build | Stone Wall |
| 11:46 | Build | Outpost |
| 11:51 | Build | Stone Wall |
| 11:54 | Build | Stone Wall |
| 11:58 | Build | Stone Wall |
| 11:59 | Build | Stone Wall |
| 12:00 | Build | Stone Wall |
| 12:13 | Build | Outpost |
| 12:19 | Build | Stone Wall |
| 12:20 | Build | Stone Wall |
| 12:21 | Build | Stone Wall |
| 12:23 | Build | Stone Wall |
| 12:24 | Build | Stone Wall |
| 12:24 | Create | Villager (Male) |
| 12:30 | Build | Farm |
| 12:33 | Build | Farm |
| 12:48 | Create | Villager (Male) |
| 12:54 | Build | Stone Wall |
| 12:55 | Build | Stone Wall |
| 12:56 | Build | Stone Wall |
| 12:59 | Build | Stone Wall |
| 13:02 | Create | Villager (Male) |
| 13:10 | Build | Watch Tower |
| 13:19 | Build | Stone Wall |
| 13:20 | Build | Stone Wall |
| 13:27 | Create | Villager (Male) |
| 13:29 | Build | Mining Camp |
| 13:51 | Create | Villager (Male) |
| 14:00 | Build | Stone Wall |
| 14:12 | Build | Stone Wall |
| 14:20 | Build | Farm |
| 14:21 | Build | Farm |
| 14:22 | Create | Villager (Male) |
| 14:25 | Build | Farm |
| 14:36 | Build | Stone Wall |
| 14:48 | Research | Wheelbarrow |
| 14:53 | Build | Blacksmith |
| 15:07 | Build | Stone Wall |
| 15:18 | Build | Farm |
| 15:23 | Build | Stone Wall |
| 15:25 | Build | Stone Wall |
| 15:39 | Build | Market |
| 15:43 | Create | Villager (Male) |
| 16:05 | Build | Farm |
| 16:14 | Create | Villager (Male) |
| 16:28 | Create | Villager (Male) |
| 16:38 | Create | Villager (Male) |
| 16:42 | Create | Villager (Male) |
| 16:51 | Build | Farm |
| 16:53 | Build | Farm |
| 17:05 | Build | Watch Tower |
| 17:23 | Build | Stone Wall |
| 17:52 | Build | House |
| 17:53 | Build | House |
| 18:09 | Research | Castle Age |
| 18:09 | Research | Castle Age |
| 18:39 | Research | Stone Mining |
| 18:58 | Research | Gold Mining |
| 18:59 | Research | Gold Mining |
| 20:56 | Create | Villager (Male) |
| 20:57 | Age | Castle Age |
| 21:03 | Build | Town Center |
| 21:05 | Research | Bow Saw |
| 21:05 | Research | Bow Saw |
| 21:11 | Build | Town Center |
| 21:18 | Build | Monastery |
| 21:22 | Create | Villager (Male) |
| 21:34 | Build | Town Center |
| 21:42 | Create | Villager (Male) |
| 21:50 | Research | Heavy Plow |
| 21:53 | Build | House |
| 21:53 | Build | House |
| 21:57 | Create | Villager (Male) |
| 22:14 | Create | Monk |
| 22:15 | Create | Monk |
| 22:17 | Create | Villager (Male) |
| 22:25 | Build | Farm |
| 22:35 | Build | House |
| 22:46 | Create | Villager (Male) |
| 22:46 | Create | Villager (Male) |
| 22:49 | Create | Villager (Male) |
| 22:51 | Build | Lumber Camp |
Build order — Tio GG y la Pïedra Filosofal
First 150 of 430 actions detected
| 0:01 | Create | Villager (Male) |
| 0:02 | Build | House |
| 0:03 | Build | House |
| 0:12 | Create | Villager (Male) |
| 0:17 | Create | Villager (Male) |
| 0:22 | Create | Villager (Male) |
| 1:28 | Create | Villager (Male) |
| 1:39 | Build | Lumber Camp |
| 1:56 | Create | Villager (Male) |
| 2:17 | Create | Villager (Male) |
| 2:56 | Create | Villager (Male) |
| 3:22 | Create | Villager (Male) |
| 3:30 | Create | Villager (Male) |
| 3:31 | Create | Villager (Male) |
| 3:33 | Build | Mill |
| 3:44 | Create | Villager (Male) |
| 4:07 | Create | Villager (Male) |
| 4:24 | Create | Villager (Male) |
| 4:50 | Create | Villager (Male) |
| 4:53 | Create | Villager (Male) |
| 4:58 | Create | Villager (Male) |
| 5:14 | Research | Loom |
| 6:24 | Research | Feudal Age |
| 6:45 | Build | Mining Camp |
| 7:28 | Build | House |
| 7:35 | Create | Villager (Male) |
| 7:44 | Create | Villager (Male) |
| 8:15 | Create | Villager (Male) |
| 8:34 | Age | Feudal Age |
| 8:45 | Research | Double-Bit Axe |
| 8:49 | Research | Horse Collar |
| 9:03 | Build | Farm |
| 9:04 | Build | Farm |
| 9:25 | Create | Villager (Male) |
| 9:32 | Build | Farm |
| 9:37 | Create | Villager (Male) |
| 9:51 | Create | Villager (Male) |
| 10:10 | Build | Watch Tower |
| 10:12 | Create | Villager (Male) |
| 10:44 | Build | Stone Wall |
| 10:45 | Build | Stone Wall |
| 10:49 | Create | Villager (Male) |
| 10:52 | Build | House |
| 11:06 | Research | Town Watch |
| 11:06 | Research | Town Watch |
| 11:17 | Build | House |
| 11:41 | Create | Villager (Male) |
| 11:41 | Create | Villager (Male) |
| 11:41 | Create | Villager (Male) |
| 11:45 | Build | Mill |
| 12:04 | Build | Stone Wall |
| 12:50 | Build | Farm |
| 13:13 | Create | Villager (Male) |
| 13:13 | Create | Villager (Male) |
| 13:16 | Build | Farm |
| 13:18 | Build | Farm |
| 13:18 | Build | Farm |
| 13:25 | Build | Watch Tower |
| 13:28 | Build | Watch Tower |
| 13:37 | Create | Villager (Male) |
| 13:37 | Create | Villager (Male) |
| 13:50 | Build | Stone Wall |
| 13:51 | Build | Gate |
| 13:54 | Build | Gate |
| 13:59 | Build | Stone Wall |
| 14:05 | Build | Stone Wall |
| 14:07 | Build | Stone Wall |
| 14:08 | Build | Gate |
| 14:12 | Build | Stone Wall |
| 14:13 | Build | Stone Wall |
| 14:19 | Create | Villager (Male) |
| 14:26 | Build | Gate |
| 14:34 | Create | Villager (Male) |
| 14:40 | Create | Villager (Male) |
| 14:44 | Create | Villager (Male) |
| 15:13 | Create | Villager (Male) |
| 15:19 | Create | Villager (Male) |
| 15:36 | Create | Villager (Male) |
| 15:39 | Build | Stone Wall |
| 15:42 | Build | Stone Wall |
| 16:14 | Create | Villager (Male) |
| 16:22 | Build | Stone Wall |
| 16:32 | Create | Villager (Male) |
| 16:56 | Create | Villager (Male) |
| 17:06 | Build | Farm |
| 17:27 | Create | Villager (Male) |
| 17:35 | Build | Watch Tower |
| 17:38 | Create | Villager (Male) |
| 17:41 | Create | Villager (Male) |
| 17:42 | Create | Villager (Male) |
| 17:42 | Create | Villager (Male) |
| 17:45 | Build | Barracks |
| 18:04 | Build | Stone Wall |
| 18:27 | Build | Stone Wall |
| 18:27 | Build | Stone Wall |
| 18:29 | Build | Stone Wall |
| 18:29 | Build | Stone Wall |
| 18:32 | Create | Villager (Male) |
| 18:37 | Build | Stone Wall |
| 18:43 | Build | Farm |
| 18:57 | Build | Stable |
| 19:00 | Build | Stone Wall |
| 19:09 | Build | Stone Wall |
| 19:10 | Build | Stone Wall |
| 19:11 | Build | Stone Wall |
| 19:11 | Build | Stone Wall |
| 19:16 | Create | Villager (Male) |
| 19:23 | Create | Villager (Male) |
| 19:38 | Build | Stone Wall |
| 19:49 | Build | Stone Wall |
| 19:49 | Build | Stone Wall |
| 19:50 | Build | Stone Wall |
| 19:53 | Create | Scout Cavalry |
| 19:53 | Create | Scout Cavalry |
| 19:56 | Build | Stone Wall |
| 19:59 | Research | Wheelbarrow |
| 20:01 | Create | Villager (Male) |
| 20:06 | Build | Blacksmith |
| 20:16 | Build | Stone Wall |
| 20:17 | Build | Stone Wall |
| 20:18 | Build | Stone Wall |
| 20:22 | Create | Scout Cavalry |
| 20:22 | Create | Scout Cavalry |
| 20:30 | Build | Stone Wall |
| 20:31 | Build | Stone Wall |
| 20:32 | Build | Stone Wall |
| 20:35 | Build | Stone Wall |
| 20:36 | Build | Gate |
| 20:38 | Build | Stone Wall |
| 20:39 | Build | Stone Wall |
| 20:46 | Build | Stone Wall |
| 20:48 | Build | Gate |
| 20:52 | Create | Scout Cavalry |
| 20:54 | Build | Stone Wall |
| 20:56 | Build | Gate |
| 21:04 | Create | Villager (Male) |
| 21:08 | Build | Farm |
| 21:09 | Build | Farm |
| 21:38 | Build | Stable |
| 21:42 | Build | Stone Wall |
| 21:48 | Build | Stable |
| 21:55 | Build | Stone Wall |
| 21:56 | Build | Stone Wall |
| 21:59 | Build | House |
| 22:07 | Build | Stone Wall |
| 22:12 | Create | Villager (Male) |
| 22:12 | Create | Villager (Male) |
| 22:15 | Build | Farm |
| 22:17 | Build | House |
| 22:19 | Build | House |
Build order — Jugador de Repuesto
First 150 of 239 actions detected
| 0:00 | Create | Villager (Male) |
| 0:01 | Create | Villager (Male) |
| 0:02 | Build | House |
| 0:04 | Build | House |
| 0:17 | Create | Villager (Male) |
| 0:24 | Create | Villager (Male) |
| 1:31 | Create | Villager (Male) |
| 1:44 | Build | Lumber Camp |
| 1:59 | Create | Villager (Male) |
| 2:19 | Create | Villager (Male) |
| 2:46 | Create | Villager (Male) |
| 2:46 | Create | Villager (Male) |
| 3:16 | Create | Villager (Male) |
| 3:36 | Create | Villager (Male) |
| 3:45 | Create | Villager (Male) |
| 3:50 | Build | Mill |
| 4:27 | Create | Villager (Male) |
| 4:49 | Create | Villager (Male) |
| 4:50 | Create | Villager (Male) |
| 4:50 | Create | Villager (Male) |
| 5:47 | Research | Loom |
| 5:47 | Research | Loom |
| 6:25 | Research | Feudal Age |
| 6:25 | Research | Feudal Age |
| 6:42 | Build | Mining Camp |
| 6:55 | Build | House |
| 7:25 | Create | Villager (Male) |
| 8:12 | Create | Villager (Male) |
| 8:24 | Create | Villager (Male) |
| 8:35 | Age | Feudal Age |
| 8:37 | Research | Double-Bit Axe |
| 8:40 | Create | Villager (Male) |
| 9:50 | Build | Watch Tower |
| 9:51 | Create | Villager (Male) |
| 10:24 | Build | House |
| 10:39 | Create | Villager (Male) |
| 11:07 | Create | Villager (Male) |
| 11:35 | Build | Watch Tower |
| 11:38 | Create | Villager (Male) |
| 11:45 | Create | Villager (Male) |
| 12:10 | Build | Palisade Gate |
| 12:31 | Create | Villager (Male) |
| 12:39 | Create | Villager (Male) |
| 13:17 | Build | Watch Tower |
| 13:28 | Build | Blacksmith |
| 13:35 | Build | House |
| 13:37 | Build | House |
| 13:54 | Create | Villager (Male) |
| 14:05 | Build | House |
| 14:33 | Build | House |
| 14:34 | Create | Villager (Male) |
| 14:37 | Research | Fletching |
| 14:37 | Research | Fletching |
| 14:40 | Build | Palisade Wall |
| 14:42 | Build | House |
| 14:47 | Build | House |
| 15:03 | Create | Villager (Male) |
| 15:17 | Build | House |
| 15:18 | Create | Villager (Male) |
| 15:18 | Create | Villager (Male) |
| 15:39 | Build | Watch Tower |
| 15:41 | Build | Palisade Wall |
| 15:42 | Build | Palisade Wall |
| 15:42 | Build | Palisade Wall |
| 15:43 | Build | Palisade Wall |
| 15:49 | Create | Villager (Male) |
| 15:50 | Create | Villager (Male) |
| 16:05 | Build | Farm |
| 16:06 | Build | Farm |
| 16:06 | Build | Farm |
| 16:06 | Build | Farm |
| 16:06 | Build | Farm |
| 16:29 | Build | Palisade Wall |
| 16:32 | Build | Palisade Wall |
| 16:34 | Build | Palisade Wall |
| 16:36 | Build | Palisade Wall |
| 16:49 | Create | Villager (Male) |
| 17:18 | Build | Watch Tower |
| 17:34 | Create | Villager (Male) |
| 17:43 | Create | Villager (Male) |
| 17:49 | Build | Gate |
| 17:58 | Create | Villager (Male) |
| 18:23 | Build | House |
| 18:25 | Create | Villager (Male) |
| 18:48 | Build | Farm |
| 19:11 | Build | Palisade Wall |
| 19:12 | Build | Palisade Wall |
| 19:12 | Build | Palisade Wall |
| 19:13 | Build | Palisade Wall |
| 19:13 | Build | Palisade Wall |
| 19:13 | Build | Palisade Wall |
| 19:13 | Build | Palisade Wall |
| 19:14 | Build | Palisade Wall |
| 19:23 | Create | Villager (Male) |
| 19:23 | Create | Villager (Male) |
| 19:38 | Build | Mining Camp |
| 19:56 | Create | Villager (Male) |
| 20:11 | Build | Watch Tower |
| 20:13 | Create | Villager (Male) |
| 20:13 | Create | Villager (Male) |
| 20:17 | Build | Gate |
| 20:21 | Build | Market |
| 20:22 | Create | Villager (Male) |
| 20:29 | Build | Palisade Wall |
| 20:30 | Build | Palisade Wall |
| 20:30 | Build | Palisade Wall |
| 20:31 | Build | Palisade Wall |
| 20:33 | Build | Palisade Wall |
| 20:34 | Build | Palisade Wall |
| 20:34 | Build | Palisade Wall |
| 20:35 | Build | Palisade Wall |
| 20:45 | Build | Palisade Wall |
| 20:48 | Build | Palisade Wall |
| 20:49 | Build | Palisade Wall |
| 20:49 | Build | Palisade Wall |
| 20:50 | Build | Palisade Wall |
| 20:50 | Build | Palisade Wall |
| 20:51 | Build | Palisade Wall |
| 20:54 | Build | House |
| 20:56 | Create | Villager (Male) |
| 21:05 | Build | Outpost |
| 21:19 | Build | Mill |
| 21:20 | Build | Farm |
| 21:20 | Build | Farm |
| 21:20 | Build | Farm |
| 21:20 | Build | Farm |
| 21:33 | Build | Barracks |
| 21:36 | Create | Villager (Male) |
| 21:36 | Create | Villager (Male) |
| 21:44 | Create | Villager (Male) |
| 21:57 | Create | Villager (Male) |
| 22:10 | Build | Palisade Wall |
| 22:18 | Create | Spearman |
| 22:18 | Create | Spearman |
| 22:52 | Create | Villager (Male) |
| 23:10 | Build | Watch Tower |
| 23:12 | Create | Spearman |
| 23:17 | Create | Villager (Male) |
| 23:29 | Build | Palisade Wall |
| 23:44 | Build | Mill |
| 23:45 | Build | Farm |
| 23:45 | Build | Farm |
| 23:48 | Build | Farm |
| 23:49 | Build | Farm |
| 23:49 | Build | Farm |
| 23:55 | Build | Palisade Wall |
| 23:56 | Build | Palisade Wall |
| 23:57 | Build | Palisade Wall |
| 24:11 | Build | Watch Tower |
| 24:13 | Create | Villager (Male) |
Build order — FMG | GreatMaty
First 150 of 433 actions detected
| 0:01 | Create | Villager (Male) |
| 0:01 | Create | Villager (Male) |
| 0:01 | Create | Villager (Male) |
| 0:02 | Build | House |
| 0:04 | Build | House |
| 0:06 | Create | Villager (Male) |
| 0:06 | Create | Villager (Male) |
| 1:17 | Create | Villager (Male) |
| 1:17 | Create | Villager (Male) |
| 1:41 | Create | Villager (Male) |
| 1:41 | Create | Villager (Male) |
| 1:52 | Build | Palisade Gate |
| 2:00 | Build | Palisade Gate |
| 2:04 | Build | Palisade Wall |
| 2:09 | Build | Palisade Wall |
| 2:16 | Build | Palisade Wall |
| 2:20 | Build | Palisade Wall |
| 2:25 | Create | Villager (Male) |
| 2:25 | Create | Villager (Male) |
| 2:31 | Create | Villager (Male) |
| 2:31 | Create | Villager (Male) |
| 3:00 | Create | Villager (Male) |
| 3:00 | Create | Villager (Male) |
| 3:00 | Create | Villager (Male) |
| 3:11 | Build | House |
| 3:37 | Create | Villager (Male) |
| 3:37 | Create | Villager (Male) |
| 3:38 | Build | Lumber Camp |
| 4:05 | Create | Villager (Male) |
| 4:06 | Create | Villager (Male) |
| 4:27 | Create | Villager (Male) |
| 4:39 | Create | Villager (Male) |
| 4:39 | Create | Villager (Male) |
| 4:59 | Create | Villager (Male) |
| 4:59 | Create | Villager (Male) |
| 5:13 | Create | Villager (Male) |
| 5:40 | Build | Mill |
| 5:45 | Create | Villager (Male) |
| 6:48 | Research | Feudal Age |
| 6:48 | Research | Feudal Age |
| 7:35 | Build | House |
| 8:02 | Build | Barracks |
| 8:16 | Create | Villager (Male) |
| 8:58 | Age | Feudal Age |
| 9:04 | Build | Stable |
| 9:08 | Create | Villager (Male) |
| 9:21 | Research | Double-Bit Axe |
| 9:21 | Research | Double-Bit Axe |
| 9:44 | Create | Villager (Male) |
| 9:56 | Create | Villager (Male) |
| 9:58 | Create | Scout Cavalry |
| 10:01 | Research | Horse Collar |
| 10:01 | Research | Horse Collar |
| 10:06 | Build | House |
| 10:12 | Build | Farm |
| 10:12 | Build | Farm |
| 10:20 | Create | Villager (Male) |
| 10:26 | Create | Scout Cavalry |
| 10:37 | Create | Villager (Male) |
| 10:42 | Build | Farm |
| 10:50 | Create | Scout Cavalry |
| 10:56 | Create | Villager (Male) |
| 10:56 | Create | Villager (Male) |
| 10:59 | Build | House |
| 10:59 | Build | House |
| 11:10 | Build | Farm |
| 11:20 | Create | Villager (Male) |
| 11:40 | Build | Farm |
| 11:42 | Build | Farm |
| 11:43 | Create | Scout Cavalry |
| 11:44 | Create | Villager (Male) |
| 12:13 | Create | Villager (Male) |
| 12:16 | Create | Scout Cavalry |
| 12:22 | Build | Farm |
| 12:23 | Build | Farm |
| 12:28 | Build | Farm |
| 12:34 | Create | Villager (Male) |
| 12:36 | Build | Farm |
| 12:42 | Build | House |
| 12:50 | Create | Scout Cavalry |
| 12:50 | Create | Scout Cavalry |
| 13:03 | Create | Villager (Male) |
| 13:05 | Build | Farm |
| 13:13 | Build | House |
| 13:20 | Create | Scout Cavalry |
| 13:20 | Create | Scout Cavalry |
| 13:25 | Build | Mining Camp |
| 13:32 | Create | Villager (Male) |
| 13:52 | Create | Scout Cavalry |
| 14:01 | Create | Villager (Male) |
| 14:11 | Create | Scout Cavalry |
| 14:30 | Create | Villager (Male) |
| 14:33 | Build | Farm |
| 14:34 | Build | Farm |
| 14:35 | Build | Farm |
| 14:53 | Create | Villager (Male) |
| 14:54 | Research | Bloodlines |
| 14:54 | Research | Bloodlines |
| 15:03 | Build | Farm |
| 15:18 | Create | Villager (Male) |
| 15:24 | Research | Wheelbarrow |
| 15:24 | Research | Wheelbarrow |
| 15:24 | Research | Wheelbarrow |
| 15:49 | Build | Lumber Camp |
| 16:18 | Create | Villager (Male) |
| 16:20 | Build | Farm |
| 16:21 | Build | Farm |
| 16:26 | Build | House |
| 16:55 | Create | Villager (Male) |
| 16:56 | Build | Farm |
| 16:57 | Build | Farm |
| 17:07 | Build | Farm |
| 17:13 | Build | Farm |
| 17:31 | Create | Villager (Male) |
| 17:33 | Build | House |
| 18:17 | Create | Villager (Male) |
| 18:20 | Build | Blacksmith |
| 18:34 | Build | House |
| 18:36 | Build | Stable |
| 18:47 | Research | Castle Age |
| 18:47 | Research | Castle Age |
| 19:28 | Research | Scale Barding Armor |
| 19:28 | Research | Scale Barding Armor |
| 19:29 | Create | Scout Cavalry |
| 19:49 | Create | Scout Cavalry |
| 20:10 | Research | Forging |
| 20:11 | Research | Forging |
| 20:29 | Build | House |
| 20:31 | Create | Scout Cavalry |
| 20:31 | Create | Scout Cavalry |
| 21:27 | Age | Castle Age |
| 21:31 | Create | Villager (Male) |
| 21:33 | Create | Villager (Male) |
| 21:35 | Build | Town Center |
| 21:37 | Build | Town Center |
| 21:41 | Create | Scout Cavalry |
| 21:41 | Create | Scout Cavalry |
| 22:15 | Build | House |
| 22:15 | Create | Villager (Male) |
| 22:18 | Research | Hand Cart |
| 22:34 | Create | Villager (Male) |
| 23:13 | Research | Chain Barding Armor |
| 23:13 | Research | Chain Barding Armor |
| 23:16 | Research | Bow Saw |
| 23:16 | Research | Bow Saw |
| 23:29 | Build | Lumber Camp |
| 23:42 | Create | Villager (Male) |
| 23:59 | Create | Villager (Male) |
| 23:59 | Create | Villager (Male) |
| 24:05 | Create | Villager (Male) |
Build order — eL|Hooligan
First 150 of 396 actions detected
| 0:02 | Create | Villager (Male) |
| 0:03 | Build | House |
| 0:04 | Build | House |
| 0:05 | Create | Villager (Male) |
| 0:17 | Create | Villager (Male) |
| 0:19 | Create | Villager (Male) |
| 1:04 | Create | Villager (Male) |
| 1:40 | Create | Villager (Male) |
| 2:16 | Build | Lumber Camp |
| 2:28 | Create | Villager (Male) |
| 2:29 | Create | Villager (Male) |
| 2:37 | Create | Villager (Male) |
| 3:17 | Create | Villager (Male) |
| 3:34 | Create | Villager (Male) |
| 3:38 | Create | Villager (Male) |
| 3:47 | Build | House |
| 3:48 | Build | House |
| 3:51 | Build | House |
| 4:51 | Build | Mill |
| 4:55 | Create | Villager (Male) |
| 4:58 | Create | Villager (Male) |
| 5:01 | Create | Villager (Male) |
| 5:03 | Create | Villager (Male) |
| 5:05 | Create | Villager (Male) |
| 5:09 | Create | Villager (Male) |
| 5:29 | Build | Palisade Wall |
| 5:31 | Create | Villager (Male) |
| 5:36 | Build | Palisade Wall |
| 5:37 | Build | Palisade Wall |
| 5:38 | Build | Palisade Wall |
| 5:40 | Build | Palisade Wall |
| 5:43 | Build | Palisade Wall |
| 5:46 | Create | Villager (Male) |
| 5:51 | Build | Palisade Wall |
| 5:52 | Build | Palisade Wall |
| 6:00 | Build | Palisade Wall |
| 6:03 | Build | Palisade Wall |
| 6:04 | Build | Palisade Wall |
| 6:07 | Build | Palisade Wall |
| 6:08 | Build | Palisade Wall |
| 6:09 | Create | Villager (Male) |
| 6:12 | Build | Palisade Wall |
| 6:16 | Build | Palisade Wall |
| 6:17 | Build | Palisade Wall |
| 6:20 | Create | Villager (Male) |
| 6:22 | Build | Farm |
| 6:23 | Build | Palisade Wall |
| 6:25 | Build | Palisade Wall |
| 6:39 | Build | Farm |
| 6:58 | Create | Villager (Male) |
| 7:35 | Create | Villager (Male) |
| 7:39 | Create | Villager (Male) |
| 7:47 | Create | Villager (Male) |
| 7:57 | Build | Lumber Camp |
| 8:06 | Create | Villager (Male) |
| 8:31 | Research | Feudal Age |
| 8:34 | Create | Villager (Male) |
| 8:35 | Research | Feudal Age |
| 9:22 | Build | Mining Camp |
| 10:21 | Build | Farm |
| 10:26 | Build | Farm |
| 10:59 | Create | Villager (Male) |
| 10:59 | Create | Villager (Male) |
| 11:22 | Age | Feudal Age |
| 11:26 | Build | Market |
| 11:28 | Build | Blacksmith |
| 11:32 | Build | Blacksmith |
| 12:06 | Research | Double-Bit Axe |
| 12:34 | Research | Castle Age |
| 12:50 | Research | Horse Collar |
| 14:16 | Research | Loom |
| 14:16 | Create | Villager (Male) |
| 14:19 | Research | Wheelbarrow |
| 15:13 | Age | Castle Age |
| 15:16 | Build | Siege Workshop |
| 15:26 | Build | Town Center |
| 15:30 | Research | Bow Saw |
| 15:31 | Research | Heavy Plow |
| 15:54 | Create | Villager (Male) |
| 16:14 | Create | Mangonel |
| 16:15 | Create | Villager (Male) |
| 16:17 | Build | House |
| 16:18 | Build | House |
| 16:25 | Build | House |
| 16:32 | Create | Villager (Male) |
| 16:34 | Create | Villager (Male) |
| 16:36 | Build | Farm |
| 16:37 | Build | Farm |
| 16:44 | Create | Villager (Male) |
| 16:51 | Create | Villager (Male) |
| 16:52 | Build | House |
| 16:57 | Create | Villager (Male) |
| 17:03 | Build | Stone Wall |
| 17:09 | Create | Villager (Male) |
| 17:29 | Build | Mining Camp |
| 17:29 | Create | Villager (Male) |
| 17:33 | Build | Farm |
| 17:35 | Build | Farm |
| 17:54 | Build | House |
| 17:58 | Build | House |
| 18:06 | Create | Mangonel |
| 18:09 | Create | Villager (Male) |
| 18:27 | Build | House |
| 18:37 | Build | Farm |
| 18:40 | Build | Farm |
| 18:45 | Build | Farm |
| 18:47 | Build | Farm |
| 18:48 | Build | Farm |
| 18:49 | Create | Villager (Male) |
| 18:59 | Create | Villager (Male) |
| 19:05 | Create | Villager (Male) |
| 19:13 | Build | House |
| 19:22 | Create | Villager (Male) |
| 19:26 | Build | Town Center |
| 19:31 | Build | Farm |
| 19:31 | Build | Farm |
| 19:32 | Create | Villager (Male) |
| 19:36 | Create | Mangonel |
| 19:49 | Build | Barracks |
| 19:51 | Build | House |
| 19:56 | Create | Villager (Male) |
| 20:04 | Create | Villager (Male) |
| 20:11 | Create | Villager (Male) |
| 20:14 | Create | Villager (Male) |
| 20:22 | Build | Farm |
| 20:23 | Build | Farm |
| 20:25 | Create | Villager (Male) |
| 20:34 | Create | Villager (Male) |
| 20:37 | Create | Villager (Male) |
| 20:44 | Build | Gate |
| 20:45 | Create | Villager (Male) |
| 20:52 | Create | Villager (Male) |
| 20:52 | Create | Villager (Male) |
| 20:57 | Create | Villager (Male) |
| 21:00 | Build | Stone Wall |
| 21:06 | Build | Stone Wall |
| 21:06 | Create | Villager (Male) |
| 21:09 | Create | Villager (Male) |
| 21:20 | Create | Villager (Male) |
| 21:23 | Create | Villager (Male) |
| 21:29 | Create | Villager (Male) |
| 21:35 | Create | Villager (Male) |
| 21:43 | Build | Stone Wall |
| 21:45 | Create | Villager (Male) |
| 21:45 | Create | Villager (Male) |
| 21:53 | Build | Palisade Wall |
| 21:55 | Build | Palisade Wall |
| 21:57 | Create | Villager (Male) |
| 21:57 | Create | Villager (Male) |
| 22:04 | Build | Farm |
Build order — Frytok
First 150 of 151 actions detected
| 0:00 | Create | Villager (Male) |
| 0:01 | Create | Villager (Male) |
| 0:02 | Build | House |
| 0:04 | Build | House |
| 0:05 | Create | Villager (Male) |
| 0:05 | Create | Villager (Male) |
| 1:30 | Create | Villager (Male) |
| 1:36 | Build | Lumber Camp |
| 2:01 | Create | Villager (Male) |
| 2:19 | Create | Villager (Male) |
| 2:51 | Create | Villager (Male) |
| 3:07 | Create | Villager (Male) |
| 3:07 | Create | Villager (Male) |
| 3:27 | Build | Mill |
| 3:38 | Create | Villager (Male) |
| 3:51 | Build | House |
| 4:08 | Create | Villager (Male) |
| 4:08 | Create | Villager (Male) |
| 4:08 | Create | Villager (Male) |
| 4:26 | Create | Villager (Male) |
| 4:26 | Create | Villager (Male) |
| 5:01 | Create | Villager (Male) |
| 5:01 | Create | Villager (Male) |
| 5:22 | Create | Villager (Male) |
| 5:27 | Create | Villager (Male) |
| 5:46 | Build | Mill |
| 5:54 | Build | House |
| 6:05 | Create | Villager (Male) |
| 6:23 | Create | Villager (Male) |
| 6:59 | Create | Villager (Male) |
| 7:32 | Research | Loom |
| 7:46 | Create | Villager (Male) |
| 7:59 | Create | Villager (Male) |
| 8:19 | Create | Villager (Male) |
| 8:47 | Create | Villager (Male) |
| 8:50 | Build | House |
| 8:57 | Build | Outpost |
| 9:00 | Research | Feudal Age |
| 10:01 | Create | Villager (Male) |
| 10:12 | Create | Villager (Male) |
| 10:34 | Build | Outpost |
| 10:36 | Build | Outpost |
| 10:38 | Create | Villager (Male) |
| 10:57 | Create | Villager (Male) |
| 10:59 | Build | Palisade Wall |
| 11:11 | Create | Villager (Male) |
| 11:14 | Create | Villager (Male) |
| 11:18 | Build | Outpost |
| 11:23 | Age | Feudal Age |
| 11:28 | Build | Palisade Gate |
| 11:29 | Build | House |
| 11:32 | Build | Palisade Wall |
| 11:35 | Create | Villager (Male) |
| 11:46 | Create | Villager (Male) |
| 11:48 | Build | Farm |
| 11:48 | Build | Farm |
| 11:49 | Build | Farm |
| 11:56 | Build | Watch Tower |
| 12:04 | Build | Mining Camp |
| 12:05 | Create | Villager (Male) |
| 12:14 | Create | Villager (Male) |
| 12:27 | Create | Villager (Male) |
| 12:46 | Build | Farm |
| 12:47 | Create | Villager (Male) |
| 13:08 | Build | Outpost |
| 13:13 | Research | Town Watch |
| 13:15 | Research | Double-Bit Axe |
| 13:29 | Create | Villager (Male) |
| 14:00 | Create | Villager (Male) |
| 14:19 | Create | Villager (Male) |
| 14:24 | Build | Palisade Gate |
| 14:29 | Create | Villager (Male) |
| 14:38 | Build | Farm |
| 14:41 | Build | Farm |
| 14:42 | Build | Farm |
| 14:44 | Create | Villager (Male) |
| 14:47 | Build | House |
| 14:57 | Build | House |
| 15:03 | Create | Villager (Male) |
| 15:20 | Create | Villager (Male) |
| 15:22 | Build | Farm |
| 15:23 | Build | Farm |
| 15:26 | Create | Villager (Male) |
| 15:44 | Build | Watch Tower |
| 15:57 | Create | Villager (Male) |
| 16:01 | Build | House |
| 16:11 | Create | Villager (Male) |
| 16:20 | Build | Palisade Gate |
| 16:31 | Build | Palisade Gate |
| 16:43 | Create | Villager (Male) |
| 16:47 | Build | Farm |
| 16:50 | Research | Horse Collar |
| 16:51 | Build | Farm |
| 17:13 | Build | Watch Tower |
| 17:19 | Build | House |
| 17:43 | Build | Farm |
| 17:57 | Build | Gate |
| 17:58 | Build | Stone Wall |
| 18:10 | Build | Farm |
| 18:14 | Build | Farm |
| 18:15 | Build | Farm |
| 18:21 | Build | Mining Camp |
| 18:23 | Create | Villager (Male) |
| 18:31 | Build | Stone Wall |
| 18:35 | Build | Stone Wall |
| 18:46 | Build | Market |
| 18:51 | Build | Stone Wall |
| 18:59 | Create | Villager (Male) |
| 19:06 | Build | House |
| 19:41 | Build | Palisade Wall |
| 19:44 | Build | House |
| 19:45 | Build | Palisade Wall |
| 19:46 | Build | House |
| 20:04 | Create | Villager (Male) |
| 20:09 | Build | House |
| 20:21 | Create | Villager (Male) |
| 21:18 | Build | Lumber Camp |
| 21:19 | Create | Villager (Male) |
| 21:19 | Create | Villager (Male) |
| 27:33 | Build | Town Center |
| 28:51 | Create | Villager (Male) |
| 28:52 | Create | Villager (Male) |
| 29:05 | Create | Villager (Male) |
| 29:18 | Create | Villager (Male) |
| 29:18 | Create | Villager (Male) |
| 29:19 | Create | Villager (Male) |
| 29:19 | Create | Villager (Male) |
| 29:19 | Create | Villager (Male) |
| 30:03 | Create | Villager (Male) |
| 30:04 | Create | Villager (Male) |
| 30:47 | Build | Blacksmith |
| 30:52 | Create | Villager (Male) |
| 31:26 | Create | Villager (Male) |
| 31:52 | Create | Villager (Male) |
| 32:03 | Create | Villager (Male) |
| 32:37 | Create | Villager (Male) |
| 33:01 | Create | Villager (Male) |
| 33:26 | Create | Villager (Male) |
| 33:50 | Create | Villager (Male) |
| 34:14 | Research | Castle Age |
| 35:07 | Create | Villager (Male) |
| 35:49 | Create | Villager (Male) |
| 37:02 | Age | Castle Age |
| 37:04 | Build | Town Center |
| 37:07 | Research | Bow Saw |
| 37:29 | Create | Villager (Male) |
| 37:29 | Create | Villager (Male) |
| 37:29 | Create | Villager (Male) |
| 37:44 | Research | Wheelbarrow |
| 38:00 | Create | Villager (Male) |
Build order — Cyndaquil
First 150 of 318 actions detected
| 0:02 | Create | Villager (Male) |
| 0:02 | Create | Villager (Male) |
| 0:03 | Build | House |
| 0:03 | Build | House |
| 0:09 | Create | Villager (Male) |
| 0:18 | Create | Villager (Male) |
| 1:30 | Create | Villager (Male) |
| 2:04 | Create | Villager (Male) |
| 2:05 | Create | Villager (Male) |
| 2:28 | Create | Villager (Male) |
| 2:28 | Create | Villager (Male) |
| 2:49 | Build | House |
| 2:54 | Build | Mill |
| 2:57 | Create | Villager (Male) |
| 2:58 | Create | Villager (Male) |
| 3:02 | Create | Villager (Male) |
| 3:31 | Create | Villager (Male) |
| 4:03 | Create | Villager (Male) |
| 4:20 | Create | Villager (Male) |
| 4:32 | Create | Villager (Male) |
| 4:48 | Create | Villager (Male) |
| 4:55 | Create | Villager (Male) |
| 5:27 | Build | Lumber Camp |
| 6:34 | Create | Villager (Male) |
| 7:00 | Research | Feudal Age |
| 8:39 | Research | Loom |
| 9:10 | Age | Feudal Age |
| 9:13 | Build | Market |
| 9:34 | Build | Blacksmith |
| 10:10 | Research | Castle Age |
| 10:10 | Research | Castle Age |
| 10:59 | Build | Mining Camp |
| 11:03 | Research | Double-Bit Axe |
| 11:36 | Create | Villager (Male) |
| 11:37 | Create | Villager (Male) |
| 11:37 | Create | Villager (Male) |
| 11:43 | Build | House |
| 11:45 | Build | House |
| 12:50 | Age | Castle Age |
| 12:52 | Build | Siege Workshop |
| 12:54 | Build | Siege Workshop |
| 13:35 | Create | Villager (Male) |
| 13:37 | Create | Battering Ram |
| 13:38 | Create | Battering Ram |
| 13:50 | Create | Scorpion |
| 13:57 | Create | Battering Ram |
| 13:57 | Create | Battering Ram |
| 14:26 | Create | Scorpion |
| 14:26 | Create | Scorpion |
| 14:41 | Create | Scorpion |
| 14:42 | Create | Scorpion |
| 14:42 | Create | Scorpion |
| 15:01 | Create | Scorpion |
| 15:01 | Create | Scorpion |
| 15:11 | Create | Villager (Male) |
| 15:15 | Build | House |
| 15:15 | Build | House |
| 15:18 | Create | Scorpion |
| 15:18 | Create | Scorpion |
| 15:32 | Create | Scorpion |
| 15:32 | Create | Scorpion |
| 15:35 | Create | Villager (Male) |
| 15:40 | Build | Farm |
| 16:01 | Create | Scorpion |
| 16:01 | Create | Scorpion |
| 16:15 | Build | Farm |
| 16:33 | Create | Villager (Male) |
| 16:33 | Create | Villager (Male) |
| 16:37 | Create | Scorpion |
| 16:37 | Create | Scorpion |
| 17:05 | Build | Monastery |
| 17:08 | Create | Villager (Male) |
| 17:10 | Build | Farm |
| 17:39 | Create | Villager (Male) |
| 17:40 | Create | Villager (Male) |
| 17:43 | Build | Farm |
| 17:46 | Build | Lumber Camp |
| 17:50 | Build | Farm |
| 18:00 | Build | House |
| 18:10 | Create | Villager (Male) |
| 18:10 | Create | Villager (Male) |
| 18:13 | Build | Farm |
| 18:26 | Create | Villager (Male) |
| 18:26 | Create | Villager (Male) |
| 18:46 | Build | Farm |
| 18:55 | Create | Villager (Male) |
| 19:16 | Create | Villager (Male) |
| 19:17 | Create | Villager (Male) |
| 19:20 | Build | Farm |
| 19:30 | Create | Villager (Male) |
| 19:30 | Create | Villager (Male) |
| 19:32 | Build | Farm |
| 19:35 | Build | House |
| 20:04 | Create | Villager (Male) |
| 20:13 | Build | Town Center |
| 20:18 | Create | Villager (Male) |
| 20:21 | Build | Farm |
| 20:39 | Create | Villager (Male) |
| 20:58 | Create | Villager (Male) |
| 20:58 | Create | Villager (Male) |
| 21:01 | Build | Farm |
| 21:39 | Create | Villager (Male) |
| 21:49 | Research | Bow Saw |
| 21:49 | Research | Bow Saw |
| 22:16 | Create | Villager (Male) |
| 22:18 | Build | Farm |
| 22:25 | Research | Horse Collar |
| 22:25 | Research | Horse Collar |
| 22:35 | Create | Villager (Male) |
| 22:49 | Build | Farm |
| 22:52 | Build | Farm |
| 22:56 | Build | House |
| 23:00 | Build | House |
| 23:03 | Build | House |
| 23:05 | Build | Palisade Wall |
| 23:06 | Build | Palisade Wall |
| 23:09 | Build | Palisade Wall |
| 23:15 | Create | Villager (Male) |
| 23:17 | Create | Villager (Male) |
| 23:22 | Create | Villager (Male) |
| 23:45 | Build | Town Center |
| 23:48 | Research | Town Watch |
| 23:49 | Create | Villager (Male) |
| 23:53 | Build | House |
| 23:55 | Create | Villager (Male) |
| 23:58 | Build | House |
| 23:59 | Build | House |
| 23:59 | Build | House |
| 24:06 | Build | Outpost |
| 24:07 | Create | Villager (Male) |
| 24:38 | Create | Villager (Male) |
| 24:48 | Create | Villager (Male) |
| 24:49 | Build | Mill |
| 24:50 | Build | Farm |
| 24:50 | Build | Farm |
| 24:50 | Build | Farm |
| 24:51 | Build | Farm |
| 24:51 | Build | Farm |
| 24:51 | Build | Farm |
| 24:52 | Build | Farm |
| 24:54 | Create | Villager (Male) |
| 24:59 | Create | Villager (Male) |
| 25:05 | Create | Villager (Male) |
| 25:09 | Build | House |
| 25:10 | Build | House |
| 25:22 | Create | Villager (Male) |
| 25:26 | Create | Villager (Male) |
| 25:32 | Create | Villager (Male) |
| 25:36 | Build | Farm |
| 25:39 | Build | Farm |
Build order — facu
First 150 of 457 actions detected
| 0:00 | Create | Villager (Male) |
| 0:01 | Create | Villager (Male) |
| 0:01 | Create | Villager (Male) |
| 0:02 | Create | Villager (Male) |
| 0:03 | Build | House |
| 0:04 | Build | House |
| 1:24 | Create | Villager (Male) |
| 1:51 | Create | Villager (Male) |
| 1:52 | Create | Villager (Male) |
| 1:53 | Build | Lumber Camp |
| 2:19 | Create | Villager (Male) |
| 2:47 | Create | Villager (Male) |
| 3:01 | Create | Villager (Male) |
| 3:37 | Create | Villager (Male) |
| 3:38 | Create | Villager (Male) |
| 3:53 | Build | House |
| 3:56 | Create | Villager (Male) |
| 3:56 | Create | Villager (Male) |
| 4:16 | Create | Villager (Male) |
| 4:17 | Create | Villager (Male) |
| 4:24 | Build | Mill |
| 4:30 | Build | Palisade Gate |
| 4:36 | Build | Palisade Wall |
| 4:43 | Create | Villager (Male) |
| 4:46 | Build | Palisade Gate |
| 4:53 | Build | Palisade Wall |
| 4:54 | Create | Villager (Male) |
| 5:27 | Create | Villager (Male) |
| 6:05 | Build | House |
| 6:19 | Create | Villager (Male) |
| 6:19 | Create | Villager (Male) |
| 6:53 | Build | Farm |
| 6:55 | Create | Villager (Male) |
| 7:11 | Create | Villager (Male) |
| 7:40 | Build | Farm |
| 7:57 | Create | Villager (Male) |
| 8:14 | Build | House |
| 8:20 | Create | Villager (Male) |
| 8:25 | Build | Farm |
| 8:27 | Build | Farm |
| 8:29 | Create | Villager (Male) |
| 9:13 | Research | Feudal Age |
| 9:17 | Build | Mining Camp |
| 9:38 | Build | Palisade Gate |
| 11:24 | Age | Feudal Age |
| 11:26 | Research | Castle Age |
| 11:26 | Research | Castle Age |
| 11:45 | Research | Double-Bit Axe |
| 11:50 | Build | House |
| 12:42 | Build | House |
| 13:05 | Research | Horse Collar |
| 13:19 | Build | House |
| 13:31 | Create | Villager (Male) |
| 13:53 | Research | Loom |
| 13:55 | Research | Gold Mining |
| 13:59 | Create | Villager (Male) |
| 14:06 | Age | Castle Age |
| 14:07 | Build | Siege Workshop |
| 14:09 | Create | Villager (Male) |
| 14:20 | Build | Stone Wall |
| 14:26 | Create | Villager (Male) |
| 14:28 | Build | Stone Wall |
| 14:32 | Create | Villager (Male) |
| 14:36 | Build | Stone Wall |
| 14:38 | Create | Mangonel |
| 14:45 | Build | Stone Wall |
| 14:51 | Build | Gate |
| 14:52 | Create | Villager (Male) |
| 14:57 | Create | Villager (Male) |
| 15:07 | Create | Mangonel |
| 15:08 | Create | Villager (Male) |
| 15:15 | Create | Villager (Male) |
| 15:40 | Create | Villager (Male) |
| 15:46 | Build | Mining Camp |
| 15:47 | Create | Villager (Male) |
| 15:49 | Build | Outpost |
| 15:53 | Research | Town Watch |
| 15:56 | Create | Villager (Male) |
| 16:05 | Research | Bow Saw |
| 16:05 | Create | Villager (Male) |
| 16:20 | Build | Farm |
| 16:24 | Create | Villager (Male) |
| 16:28 | Create | Villager (Male) |
| 16:48 | Build | Town Center |
| 16:49 | Create | Villager (Male) |
| 17:01 | Create | Villager (Male) |
| 17:26 | Create | Villager (Male) |
| 17:38 | Build | Farm |
| 17:39 | Build | Farm |
| 18:14 | Build | Farm |
| 18:14 | Create | Villager (Male) |
| 18:15 | Create | Villager (Male) |
| 18:18 | Build | Farm |
| 18:19 | Build | Farm |
| 18:48 | Build | Farm |
| 18:49 | Build | Farm |
| 18:50 | Build | Farm |
| 18:51 | Build | Farm |
| 18:53 | Create | Villager (Male) |
| 18:54 | Create | Villager (Male) |
| 18:55 | Create | Villager (Male) |
| 19:25 | Create | Villager (Male) |
| 19:25 | Create | Villager (Male) |
| 19:33 | Create | Villager (Male) |
| 19:35 | Build | Farm |
| 19:36 | Build | Farm |
| 19:37 | Build | Farm |
| 19:38 | Build | Farm |
| 19:43 | Build | Market |
| 19:51 | Create | Villager (Male) |
| 20:06 | Create | Villager (Male) |
| 20:15 | Create | Villager (Male) |
| 20:16 | Create | Villager (Male) |
| 20:18 | Build | Farm |
| 20:18 | Build | Farm |
| 20:18 | Build | Farm |
| 20:19 | Build | Farm |
| 20:19 | Build | Farm |
| 20:19 | Build | Farm |
| 20:28 | Create | Villager (Male) |
| 20:37 | Create | Villager (Male) |
| 20:37 | Create | Villager (Male) |
| 20:48 | Create | Villager (Male) |
| 20:51 | Build | Town Center |
| 20:55 | Build | Farm |
| 21:00 | Create | Villager (Male) |
| 21:00 | Create | Villager (Male) |
| 21:17 | Create | Villager (Male) |
| 21:18 | Create | Villager (Male) |
| 21:21 | Build | Farm |
| 21:24 | Build | Farm |
| 21:24 | Create | Villager (Male) |
| 21:25 | Build | Farm |
| 21:28 | Create | Villager (Male) |
| 21:28 | Create | Villager (Male) |
| 21:41 | Create | Villager (Male) |
| 21:42 | Create | Villager (Male) |
| 21:46 | Build | Farm |
| 21:47 | Create | Villager (Male) |
| 21:51 | Build | House |
| 21:52 | Build | House |
| 21:52 | Create | Villager (Male) |
| 22:03 | Create | Villager (Male) |
| 22:03 | Create | Villager (Male) |
| 22:04 | Create | Villager (Male) |
| 22:09 | Create | Villager (Male) |
| 22:10 | Build | Farm |
| 22:11 | Build | Farm |
| 22:11 | Build | Farm |
| 22:12 | Build | Farm |
Match timeline
| 2:04 | FMG | GreatMaty · wall_segment Palisade Wall x1 |
| 2:09 | FMG | GreatMaty · wall_segment Palisade Wall x1 |
| 2:16 | FMG | GreatMaty · wall_segment Palisade Wall x1 |
| 2:20 | FMG | GreatMaty · wall_segment Palisade Wall x1 |
| 4:36 | facu · wall_segment Palisade Wall x1 |
| 4:53 | facu · wall_segment Palisade Wall x1 |
| 5:29 | eL|Hooligan · wall_segment Palisade Wall x1 |
| 5:36 | eL|Hooligan · wall_segment Palisade Wall x2 |
| 5:37 | eL|Hooligan · wall_segment Palisade Wall x1 |
| 5:38 | eL|Hooligan · wall_segment Palisade Wall x1 |
| 5:40 | eL|Hooligan · wall_segment Palisade Wall x1 |
| 5:43 | eL|Hooligan · wall_segment Palisade Wall x1 |
| 5:51 | eL|Hooligan · wall_segment Palisade Wall x1 |
| 5:52 | eL|Hooligan · wall_segment Palisade Wall x1 |
| 6:00 | eL|Hooligan · wall_segment Palisade Wall x1 |
| 6:03 | eL|Hooligan · wall_segment Palisade Wall x1 |
| 6:04 | eL|Hooligan · wall_segment Palisade Wall x1 |
| 6:07 | eL|Hooligan · wall_segment Palisade Wall x1 |
| 6:08 | eL|Hooligan · wall_segment Palisade Wall x1 |
| 6:12 | eL|Hooligan · wall_segment Palisade Wall x1 |
| 6:16 | eL|Hooligan · wall_segment Palisade Wall x1 |
| 6:17 | eL|Hooligan · wall_segment Palisade Wall x1 |
| 6:23 | eL|Hooligan · wall_segment Palisade Wall x1 |
| 6:25 | eL|Hooligan · wall_segment Palisade Wall x1 |
| 6:34 | [CL] Rey Enigmaaa · wall_segment Palisade Wall x1 |
| 8:02 | FMG | GreatMaty · first_building Barracks |
| 8:34 | Tio GG y la Pïedra Filosofal · age_up feudal |
| 8:35 | Jugador de Repuesto · age_up feudal |
| 8:39 | [CL] Rey Enigmaaa · age_up feudal |
| 8:58 | FMG | GreatMaty · age_up feudal |
| 9:04 | FMG | GreatMaty · first_building Stable |
| 9:10 | Cyndaquil · age_up feudal |
| 9:31 | [CL] Rey Enigmaaa · wall_segment Stone Wall x1 |
| 9:32 | [CL] Rey Enigmaaa · wall_segment Stone Wall x1 |
| 9:33 | [CL] Rey Enigmaaa · wall_segment Stone Wall x1 |
| 9:34 | [CL] Rey Enigmaaa · wall_segment Stone Wall x1 |
| 9:37 | [CL] Rey Enigmaaa · wall_segment Stone Wall x1 |
| 9:39 | [CL] Rey Enigmaaa · wall_segment Stone Wall x1 |
| 9:41 | [CL] Rey Enigmaaa · wall_segment Stone Wall x1 |
| 9:45 | [CL] Rey Enigmaaa · wall_segment Stone Wall x1 |
| 10:04 | Cyndaquil · first_market_sell 500 stone |
| 10:27 | [CL] Rey Enigmaaa · wall_segment Stone Wall x1 |
| 10:32 | [CL] Rey Enigmaaa · wall_segment Stone Wall x1 |
| 10:33 | [CL] Rey Enigmaaa · wall_segment Stone Wall x1 |
| 10:34 | [CL] Rey Enigmaaa · wall_segment Stone Wall x1 |
| 10:44 | Tio GG y la Pïedra Filosofal · wall_segment Stone Wall x1 |
| 10:45 | Tio GG y la Pïedra Filosofal · wall_segment Stone Wall x1 |
| 10:48 | [CL] Rey Enigmaaa · wall_segment Stone Wall x1 |
| 10:50 | [CL] Rey Enigmaaa · wall_segment Stone Wall x1 |
| 10:51 | [CL] Rey Enigmaaa · wall_segment Stone Wall x1 |
| 10:53 | [CL] Rey Enigmaaa · wall_segment Stone Wall x1 |
| 10:59 | Frytok · wall_segment Palisade Wall x1 |
| 11:05 | [CL] Rey Enigmaaa · wall_segment Stone Wall x1 |
| 11:17 | [CL] Rey Enigmaaa · wall_segment Stone Wall x1 |
| 11:19 | [CL] Rey Enigmaaa · wall_segment Stone Wall x1 |
| 11:21 | [CL] Rey Enigmaaa · wall_segment Stone Wall x1 |
| 11:22 | [CL] Rey Enigmaaa · wall_segment Stone Wall x1 |
| 11:22 | eL|Hooligan · age_up feudal |
| 11:23 | Frytok · age_up feudal |
| 11:24 | facu · age_up feudal |
| 11:32 | Frytok · wall_segment Palisade Wall x1 |
| 11:44 | [CL] Rey Enigmaaa · wall_segment Stone Wall x1 |
| 11:51 | [CL] Rey Enigmaaa · wall_segment Stone Wall x1 |
| 11:54 | [CL] Rey Enigmaaa · wall_segment Stone Wall x1 |
| 11:58 | [CL] Rey Enigmaaa · wall_segment Stone Wall x1 |
| 11:59 | [CL] Rey Enigmaaa · wall_segment Stone Wall x1 |
| 12:00 | [CL] Rey Enigmaaa · wall_segment Stone Wall x1 |
| 12:04 | Tio GG y la Pïedra Filosofal · wall_segment Stone Wall x1 |
| 12:19 | [CL] Rey Enigmaaa · wall_segment Stone Wall x1 |
| 12:20 | [CL] Rey Enigmaaa · wall_segment Stone Wall x1 |
| 12:21 | [CL] Rey Enigmaaa · wall_segment Stone Wall x1 |
| 12:23 | [CL] Rey Enigmaaa · wall_segment Stone Wall x1 |
| 12:24 | [CL] Rey Enigmaaa · wall_segment Stone Wall x1 |
| 12:50 | Cyndaquil · age_up castle |
| 12:52 | Cyndaquil · first_building Siege Workshop |
| 12:54 | [CL] Rey Enigmaaa · wall_segment Stone Wall x1 |
| 12:55 | [CL] Rey Enigmaaa · wall_segment Stone Wall x1 |
| 12:56 | [CL] Rey Enigmaaa · wall_segment Stone Wall x1 |
| 12:59 | [CL] Rey Enigmaaa · wall_segment Stone Wall x1 |
| 13:16 | Cyndaquil · first_market_buy 100 wood |
| 13:19 | [CL] Rey Enigmaaa · wall_segment Stone Wall x1 |
| 13:20 | [CL] Rey Enigmaaa · wall_segment Stone Wall x1 |
| 13:50 | Tio GG y la Pïedra Filosofal · wall_segment Stone Wall x3 |
| 13:59 | Tio GG y la Pïedra Filosofal · wall_segment Stone Wall x1 |
| 14:00 | [CL] Rey Enigmaaa · wall_segment Stone Wall x1 |
| 14:05 | Tio GG y la Pïedra Filosofal · wall_segment Stone Wall x1 |
| 14:06 | facu · age_up castle |
| 14:07 | Tio GG y la Pïedra Filosofal · wall_segment Stone Wall x2 |
| 14:07 | facu · first_building Siege Workshop |
| 14:12 | Tio GG y la Pïedra Filosofal · wall_segment Stone Wall x1 |
| 14:12 | [CL] Rey Enigmaaa · wall_segment Stone Wall x1 |
| 14:13 | Tio GG y la Pïedra Filosofal · wall_segment Stone Wall x1 |
| 14:20 | facu · wall_segment Stone Wall x5 |
| 14:28 | facu · wall_segment Stone Wall x1 |
| 14:36 | [CL] Rey Enigmaaa · wall_segment Stone Wall x1 |
| 14:36 | facu · wall_segment Stone Wall x1 |
| 14:40 | Jugador de Repuesto · wall_segment Palisade Wall x1 |
| 14:45 | facu · wall_segment Stone Wall x1 |
| 15:07 | [CL] Rey Enigmaaa · wall_segment Stone Wall x1 |
| 15:13 | eL|Hooligan · age_up castle |
| 15:16 | eL|Hooligan · first_building Siege Workshop |
| 15:23 | [CL] Rey Enigmaaa · wall_segment Stone Wall x1 |
| 15:25 | [CL] Rey Enigmaaa · wall_segment Stone Wall x1 |
| 15:39 | Tio GG y la Pïedra Filosofal · wall_segment Stone Wall x1 |
| 15:41 | Jugador de Repuesto · wall_segment Palisade Wall x1 |
| 15:42 | Jugador de Repuesto · wall_segment Palisade Wall x1 |
| 15:42 | Jugador de Repuesto · wall_segment Palisade Wall x1 |
| 15:42 | Tio GG y la Pïedra Filosofal · wall_segment Stone Wall x1 |
| 15:43 | Jugador de Repuesto · wall_segment Palisade Wall x1 |
| 16:14 | eL|Hooligan · first_market_sell 100 wood |
| 16:22 | Tio GG y la Pïedra Filosofal · wall_segment Stone Wall x1 |
| 16:29 | Jugador de Repuesto · wall_segment Palisade Wall x1 |
| 16:32 | Jugador de Repuesto · wall_segment Palisade Wall x1 |
| 16:34 | Jugador de Repuesto · wall_segment Palisade Wall x1 |
| 16:36 | Jugador de Repuesto · wall_segment Palisade Wall x1 |
| 17:03 | eL|Hooligan · wall_segment Stone Wall x4 |
| 17:05 | Cyndaquil · first_building Monastery |
| 17:23 | [CL] Rey Enigmaaa · wall_segment Stone Wall x1 |
| 17:45 | Tio GG y la Pïedra Filosofal · first_building Barracks |
| 17:58 | Frytok · wall_segment Stone Wall x3 |
| 18:04 | Tio GG y la Pïedra Filosofal · wall_segment Stone Wall x1 |
| 18:27 | Tio GG y la Pïedra Filosofal · wall_segment Stone Wall x1 |
| 18:27 | Tio GG y la Pïedra Filosofal · wall_segment Stone Wall x1 |
| 18:29 | Tio GG y la Pïedra Filosofal · wall_segment Stone Wall x1 |
| 18:29 | Tio GG y la Pïedra Filosofal · wall_segment Stone Wall x1 |
| 18:31 | Frytok · wall_segment Stone Wall x7 |
| 18:35 | Frytok · wall_segment Stone Wall x9 |
| 18:37 | Tio GG y la Pïedra Filosofal · wall_segment Stone Wall x2 |
| 18:51 | Frytok · wall_segment Stone Wall x4 |
| 18:57 | Tio GG y la Pïedra Filosofal · first_building Stable |
| 19:00 | Tio GG y la Pïedra Filosofal · wall_segment Stone Wall x1 |
| 19:09 | Tio GG y la Pïedra Filosofal · wall_segment Stone Wall x1 |
| 19:10 | Tio GG y la Pïedra Filosofal · wall_segment Stone Wall x1 |
| 19:11 | Tio GG y la Pïedra Filosofal · wall_segment Stone Wall x1 |
| 19:11 | Jugador de Repuesto · wall_segment Palisade Wall x1 |
| 19:11 | Tio GG y la Pïedra Filosofal · wall_segment Stone Wall x1 |
| 19:12 | Jugador de Repuesto · wall_segment Palisade Wall x1 |
| 19:12 | Jugador de Repuesto · wall_segment Palisade Wall x1 |
| 19:13 | Jugador de Repuesto · wall_segment Palisade Wall x1 |
| 19:13 | Jugador de Repuesto · wall_segment Palisade Wall x2 |
| 19:13 | Jugador de Repuesto · wall_segment Palisade Wall x1 |
| 19:13 | Jugador de Repuesto · wall_segment Palisade Wall x1 |
| 19:14 | Jugador de Repuesto · wall_segment Palisade Wall x1 |
| 19:38 | Tio GG y la Pïedra Filosofal · wall_segment Stone Wall x1 |
| 19:41 | Frytok · wall_segment Palisade Wall x1 |
| 19:45 | Frytok · wall_segment Palisade Wall x1 |
| 19:49 | Tio GG y la Pïedra Filosofal · wall_segment Stone Wall x1 |
| 19:49 | Tio GG y la Pïedra Filosofal · wall_segment Stone Wall x1 |
| 19:49 | eL|Hooligan · first_building Barracks |
| 19:50 | Tio GG y la Pïedra Filosofal · wall_segment Stone Wall x1 |
| 19:56 | Tio GG y la Pïedra Filosofal · wall_segment Stone Wall x1 |
| 20:16 | Tio GG y la Pïedra Filosofal · wall_segment Stone Wall x1 |
| 20:17 | Tio GG y la Pïedra Filosofal · wall_segment Stone Wall x1 |
| 20:18 | Tio GG y la Pïedra Filosofal · wall_segment Stone Wall x1 |
| 20:29 | Jugador de Repuesto · wall_segment Palisade Wall x1 |
| 20:30 | Jugador de Repuesto · wall_segment Palisade Wall x1 |
| 20:30 | Tio GG y la Pïedra Filosofal · wall_segment Stone Wall x1 |
| 20:30 | Jugador de Repuesto · wall_segment Palisade Wall x1 |
| 20:31 | Jugador de Repuesto · wall_segment Palisade Wall x1 |
| 20:31 | Tio GG y la Pïedra Filosofal · wall_segment Stone Wall x1 |
| 20:32 | Tio GG y la Pïedra Filosofal · wall_segment Stone Wall x1 |
| 20:33 | Jugador de Repuesto · wall_segment Palisade Wall x3 |
| 20:34 | Jugador de Repuesto · wall_segment Palisade Wall x1 |
| 20:34 | Jugador de Repuesto · wall_segment Palisade Wall x2 |
| 20:35 | Tio GG y la Pïedra Filosofal · wall_segment Stone Wall x5 |
| 20:35 | Jugador de Repuesto · wall_segment Palisade Wall x1 |
| 20:38 | Tio GG y la Pïedra Filosofal · wall_segment Stone Wall x1 |
| 20:39 | Tio GG y la Pïedra Filosofal · wall_segment Stone Wall x1 |
| 20:45 | Jugador de Repuesto · wall_segment Palisade Wall x1 |
| 20:46 | Tio GG y la Pïedra Filosofal · wall_segment Stone Wall x4 |
| 20:48 | Jugador de Repuesto · wall_segment Palisade Wall x1 |
| 20:48 | facu · first_market_buy 100 wood |
| 20:49 | Jugador de Repuesto · wall_segment Palisade Wall x1 |
| 20:49 | Jugador de Repuesto · wall_segment Palisade Wall x1 |
| 20:50 | Jugador de Repuesto · wall_segment Palisade Wall x1 |
| 20:50 | Jugador de Repuesto · wall_segment Palisade Wall x1 |
| 20:51 | Jugador de Repuesto · wall_segment Palisade Wall x1 |
| 20:54 | Tio GG y la Pïedra Filosofal · wall_segment Stone Wall x4 |
| 20:57 | [CL] Rey Enigmaaa · age_up castle |
| 21:00 | eL|Hooligan · wall_segment Stone Wall x1 |
| 21:06 | eL|Hooligan · wall_segment Stone Wall x1 |
| 21:18 | [CL] Rey Enigmaaa · first_building Monastery |
| 21:27 | FMG | GreatMaty · age_up castle |
| 21:33 | Jugador de Repuesto · first_building Barracks |
| 21:42 | Tio GG y la Pïedra Filosofal · wall_segment Stone Wall x1 |
| 21:43 | eL|Hooligan · wall_segment Stone Wall x1 |
| 21:53 | eL|Hooligan · wall_segment Palisade Wall x1 |
| 21:55 | eL|Hooligan · wall_segment Palisade Wall x1 |
| 21:55 | Tio GG y la Pïedra Filosofal · wall_segment Stone Wall x1 |
| 21:56 | Tio GG y la Pïedra Filosofal · wall_segment Stone Wall x1 |
| 22:07 | Tio GG y la Pïedra Filosofal · wall_segment Stone Wall x1 |
| 22:10 | Jugador de Repuesto · wall_segment Palisade Wall x2 |
| 22:25 | Tio GG y la Pïedra Filosofal · wall_segment Stone Wall x1 |
| 22:26 | Tio GG y la Pïedra Filosofal · wall_segment Stone Wall x1 |
| 22:27 | Tio GG y la Pïedra Filosofal · wall_segment Stone Wall x1 |
| 23:05 | Cyndaquil · wall_segment Palisade Wall x1 |
| 23:06 | Cyndaquil · wall_segment Palisade Wall x1 |
| 23:09 | Cyndaquil · wall_segment Palisade Wall x1 |
| 23:24 | facu · first_building Stable |
| 23:29 | Jugador de Repuesto · wall_segment Palisade Wall x1 |
| 23:30 | eL|Hooligan · wall_segment Stone Wall x1 |
| 23:38 | Tio GG y la Pïedra Filosofal · wall_segment Stone Wall x1 |
| 23:39 | Tio GG y la Pïedra Filosofal · wall_segment Stone Wall x1 |
| 23:40 | Tio GG y la Pïedra Filosofal · wall_segment Stone Wall x1 |
| 23:43 | Tio GG y la Pïedra Filosofal · wall_segment Stone Wall x1 |
| 23:44 | Tio GG y la Pïedra Filosofal · wall_segment Stone Wall x1 |
| 23:45 | Tio GG y la Pïedra Filosofal · wall_segment Stone Wall x1 |
| 23:47 | Tio GG y la Pïedra Filosofal · wall_segment Stone Wall x1 |
| 23:47 | Tio GG y la Pïedra Filosofal · wall_segment Stone Wall x1 |
| 23:55 | Jugador de Repuesto · wall_segment Palisade Wall x3 |
| 23:56 | Jugador de Repuesto · wall_segment Palisade Wall x1 |
| 23:57 | Jugador de Repuesto · wall_segment Palisade Wall x3 |
| 24:20 | Jugador de Repuesto · first_market_buy 500 food |
| 24:28 | Jugador de Repuesto · wall_segment Palisade Wall x6 |
| 24:47 | Tio GG y la Pïedra Filosofal · wall_segment Stone Wall x1 |
| 24:48 | Tio GG y la Pïedra Filosofal · wall_segment Stone Wall x1 |
| 24:49 | Tio GG y la Pïedra Filosofal · wall_segment Stone Wall x1 |
| 24:51 | Tio GG y la Pïedra Filosofal · wall_segment Stone Wall x1 |
| 24:56 | Tio GG y la Pïedra Filosofal · wall_segment Stone Wall x1 |
| 24:57 | Jugador de Repuesto · wall_segment Stone Wall x7 |
| 24:57 | Tio GG y la Pïedra Filosofal · wall_segment Stone Wall x1 |
| 24:58 | Tio GG y la Pïedra Filosofal · wall_segment Stone Wall x1 |
| 25:00 | Jugador de Repuesto · wall_segment Stone Wall x5 |
| 25:04 | Jugador de Repuesto · wall_segment Stone Wall x2 |
| 25:08 | Jugador de Repuesto · wall_segment Stone Wall x1 |
| 25:10 | Jugador de Repuesto · wall_segment Stone Wall x1 |
| 25:11 | Jugador de Repuesto · wall_segment Stone Wall x1 |
| 25:33 | eL|Hooligan · first_building Monastery |
| 25:49 | Tio GG y la Pïedra Filosofal · wall_segment Stone Wall x1 |
| 25:52 | Tio GG y la Pïedra Filosofal · wall_segment Stone Wall x1 |
| 25:53 | Tio GG y la Pïedra Filosofal · wall_segment Stone Wall x1 |
| 26:04 | [CL] Rey Enigmaaa · first_market_buy 100 food |
| 26:23 | Jugador de Repuesto · wall_segment Stone Wall x3 |
| 26:25 | Jugador de Repuesto · wall_segment Stone Wall x1 |
| 26:26 | Jugador de Repuesto · wall_segment Stone Wall x1 |
| 26:31 | Jugador de Repuesto · wall_segment Stone Wall x4 |
| 26:32 | Jugador de Repuesto · wall_segment Stone Wall x1 |
| 26:45 | Jugador de Repuesto · wall_segment Palisade Wall x5 |
| 27:01 | Jugador de Repuesto · wall_segment Palisade Wall x5 |
| 27:03 | Jugador de Repuesto · wall_segment Palisade Wall x3 |
| 27:04 | Jugador de Repuesto · wall_segment Palisade Wall x2 |
| 27:05 | [CL] Rey Enigmaaa · first_building Castle |
| 27:23 | Jugador de Repuesto · wall_segment Palisade Wall x1 |
| 27:35 | Jugador de Repuesto · wall_segment Palisade Wall x1 |
| 27:36 | Jugador de Repuesto · wall_segment Palisade Wall x2 |
| 27:41 | [CL] Rey Enigmaaa · first_building Barracks |
| 27:47 | Jugador de Repuesto · wall_segment Palisade Wall x1 |
| 27:55 | Tio GG y la Pïedra Filosofal · age_up castle |
| 28:39 | Tio GG y la Pïedra Filosofal · wall_segment Stone Wall x1 |
| 28:40 | Tio GG y la Pïedra Filosofal · wall_segment Stone Wall x1 |
| 28:41 | Tio GG y la Pïedra Filosofal · wall_segment Stone Wall x1 |
| 28:43 | eL|Hooligan · first_building Stable |
| 28:47 | Tio GG y la Pïedra Filosofal · wall_segment Stone Wall x1 |
| 28:49 | Tio GG y la Pïedra Filosofal · wall_segment Stone Wall x1 |
| 29:04 | [CL] Rey Enigmaaa · first_building Stable |
| 29:09 | facu · first_market_sell 100 wood |
| 29:22 | facu · first_building Castle |
| 29:36 | Tio GG y la Pïedra Filosofal · wall_segment Stone Wall x1 |
| 29:37 | Tio GG y la Pïedra Filosofal · wall_segment Stone Wall x1 |
| 29:39 | Cyndaquil · wall_segment Stone Wall x8 |
| 29:39 | Tio GG y la Pïedra Filosofal · wall_segment Stone Wall x1 |
| 29:40 | Tio GG y la Pïedra Filosofal · wall_segment Stone Wall x1 |
| 29:41 | Tio GG y la Pïedra Filosofal · wall_segment Stone Wall x1 |
| 29:42 | FMG | GreatMaty · first_building Monastery |
| 29:43 | Tio GG y la Pïedra Filosofal · wall_segment Stone Wall x1 |
| 30:17 | [CL] Rey Enigmaaa · first_building Archery Range |
| 30:35 | [CL] Rey Enigmaaa · wall_segment Stone Wall x1 |
| 30:36 | [CL] Rey Enigmaaa · wall_segment Stone Wall x1 |
| 30:48 | [CL] Rey Enigmaaa · wall_segment Stone Wall x1 |
| 30:57 | Tio GG y la Pïedra Filosofal · wall_segment Stone Wall x1 |
| 31:13 | FMG | GreatMaty · first_building Archery Range |
| 31:17 | Cyndaquil · first_building Castle |
| 31:19 | Tio GG y la Pïedra Filosofal · wall_segment Stone Wall x1 |
| 31:32 | eL|Hooligan · age_up imperial |
| 31:37 | [CL] Rey Enigmaaa · first_building Siege Workshop |
| 31:43 | FMG | GreatMaty · first_market_buy 100 food |
| 32:20 | eL|Hooligan · first_building Archery Range |
| 32:32 | Tio GG y la Pïedra Filosofal · first_building Monastery |
| 32:35 | facu · age_up imperial |
| 32:41 | Cyndaquil · age_up imperial |
| 32:51 | FMG | GreatMaty · first_market_sell 500 wood |
| 33:03 | Cyndaquil · wall_segment Stone Wall x5 |
| 33:07 | Cyndaquil · wall_segment Stone Wall x1 |
| 33:08 | Cyndaquil · wall_segment Stone Wall x8 |
| 33:11 | FMG | GreatMaty · first_building Castle |
| 33:13 | [CL] Rey Enigmaaa · age_up imperial |
| 33:14 | Jugador de Repuesto · age_up castle |
| 33:23 | facu · wall_segment Stone Wall x1 |
| 33:24 | facu · wall_segment Stone Wall x1 |
| 33:26 | facu · wall_segment Stone Wall x1 |
| 33:35 | facu · wall_segment Palisade Wall x1 |
| 33:53 | Cyndaquil · wall_segment Stone Wall x2 |
| 34:21 | FMG | GreatMaty · first_building Siege Workshop |
| 34:28 | facu · first_building Archery Range |
| 34:54 | FMG | GreatMaty · age_up imperial |
| 35:03 | Cyndaquil · wall_segment Stone Wall x1 |
| 36:10 | eL|Hooligan · first_building Castle |
| 36:33 | Cyndaquil · wall_segment Stone Wall x4 |
| 37:02 | Frytok · age_up castle |
| 37:04 | Cyndaquil · wall_segment Stone Wall x1 |
| 37:20 | Cyndaquil · first_building Barracks |
| 37:42 | Tio GG y la Pïedra Filosofal · age_up imperial |
| 38:23 | eL|Hooligan · resign |
[ AI ANALYSIS · 1 CREDIT ]
What really happened in this match?
Wolo.gg analyzes every decision: build order, eco, micro, common mistakes by bracket. Personalized analysis on WhatsApp or Discord in 30 seconds.
Civ guide
Bengalis
Perfil
Jugador #4706179